 Dungeon Crawl Stone Soup version 0.32-a0-921-g04a7ad8e02 (webtiles) character file.

Game seed: 1805327077599945561

26715 anet the Nimble (level 13, -2/81 HPs)
             Began as a Djinni Hedge Wizard on Apr 12, 2024.
             Was a High Priest of Hepliaklqana.
             Slain by a death yak (23 damage)
             ... on level 2 of the Lair of Beasts.
             The game lasted 00:58:51 (12807 turns).

anet the Nimble (Djinni Hedge Wizard)              Turns: 12807, Time: 00:58:53

Health: -2/81      AC:  6    Str:  9    XL:     13   Next: 60%
Gold:   734        EV: 22    Int: 20    God:    Hepliaklqana [*****.] SH:  0 Dex: 21

rFire   + + .        a - +1 demon whip (venom)
rCold   x . .        (no shield)
rNeg    + . .        g - +1 troll leather armour "Kexzoax" {+Inv rN+ Regen+ Dex+4}
rPois   ∞            t - +0 hat {Int+3}
rElec   .            (no cloak)
rCorr   .            H - +0 pair of gloves
SInv    .            (boots unavailable)
Will    +....        l - amulet of regeneration
Stlth   ++           m - +4 ring of slaying
HPRegen 1.93/turn    Z - +5 ring of evasion

%: infuse magic (-3 HP)
@: flying
A: reduced essence, sickness immunity, fire resistance 2, cold vulnerability 1,
float, innate caster, HP casting, extra vitality 1
a: Renounce Religion, Evoke Invisibility, Recall Ancestor, Ancestor Identity,
Transference, Idealise


You were on level 2 of the Lair of Beasts.
You worshipped Hepliaklqana.
Hepliaklqana was extremely pleased with you.
You visited 3 branches of the dungeon, and saw 14 of its levels.
You also visited: Bailey.

You collected 734 gold pieces.

Inventory:

Hand Weapons
 a - a +1 demon whip of venom (weapon)
 b - a +0 orcbow
 d - the +4 dagger of Stickiness {freeze, Int+6 SInv}
   (You found it on level 5 of the Dungeon)

   Int+6:     It affects your intelligence (+6).
   SInv:      It lets you see invisible.
 f - a +1 scimitar of flaming
 h - a +2 whip of holy wrath
 w - a +4 antimagic spear
Missiles
 z - 21 poisoned darts
 D - 3 curare-tipped darts
 O - 5 atropa-tipped darts
 Y - a throwing net
Armour
 g - the +1 troll leather armour "Kexzoax" (worn) {+Inv rN+ Regen+ Dex+4}
   (You acquired it on level 2 of the Dungeon)

   Dex+4:     It affects your dexterity (+4).
   rN+:       It protects you from negative energy.
   +Inv:      It lets you turn invisible.
   Regen+:    It increases your rate of health regeneration.
 t - a +0 hat of intelligence (worn)
 H - a +0 pair of gloves (worn)
 U - +0 acid dragon scales
Jewellery
 j - a ring of protection from fire
 l - an amulet of regeneration (around neck)
 m - a +4 ring of slaying (left hand)
 u - the ring of Eternal Harmony {rF- rN+ rCorr Dex+6 Stlth+}
   (You found it on level 9 of the Dungeon)

   [ring of dexterity]

   Dex+6:     It affects your dexterity (+6).
   rF-:       It makes you vulnerable to fire.
   rN+:       It protects you from negative energy.
   rCorr:     It protects you from acid and corrosion.
   Stlth+:    It makes you more stealthy.
 Q - a ring of protection from cold
 Z - a +5 ring of evasion (right hand)
Wands
 s - a wand of warping (3)
 K - a wand of flame (32)
 N - a wand of mindburst (30)
 S - a wand of charming (13)
Scrolls
 i - 8 scrolls of teleportation
 p - 3 scrolls of immolation
 r - 4 scrolls of summoning
 X - 6 scrolls of amnesia {unknown}
Potions
 c - a potion of cancellation
 e - 5 potions of curing {unknown}
 k - 5 potions of brilliance {unknown}
 C - 3 potions of heal wounds
 I - a potion of haste


   Skills:
 * Level 7.4 Fighting
 * Level 6.4 Long Blades
 * Level 5.4 Ranged Weapons
 * Level 7.4 Armour
 * Level 9.0 Dodging
 - Level 1.5 Stealth
 * Level 7.4 Shields
 + Level 4.1 Spellcasting
 + Level 4.1 Conjurations
 + Level 4.1 Hexes
   Level 0.0 Charms
 + Level 4.1 Summonings
 + Level 4.1 Necromancy
 + Level 4.1 Translocations
   Level 0.0 Transmutations
 + Level 4.1 Fire Magic
 + Level 4.1 Ice Magic
 + Level 4.1 Air Magic
 + Level 4.1 Earth Magic
 + Level 4.1 Alchemy
 * Level 7.4 Invocations
 * Level 7.4 Evocations
 * Level 5.4 Shapeshifting


You knew the following spells:

 Your Spells              Type           Power      Damage    Failure   Level
a - Magic Dart            Conj           80%        1d7       3%          1
b - Slow                  Hex            80%        N/A       3%          1
c - Blink                 Tloc           40%        N/A       4%          2
d - Call Imp              Summ           40%        N/A       4%          2
e - Mephitic Cloud        Conj/Alch/Air  20%        N/A       9%          3
f - Necrotise             Necr           80%        1d8       3%          1
g - Lesser Beckoning      Tloc           40%        N/A       4%          2
h - Dazzling Flash        Conj/Hex       40%        N/A       9%          3
i - Passwall              Erth           20%        N/A       9%          3
j - Curse of Agony        Necr           20%        N/A       63%         5
k - Iskenderun's Battles  Conj           20%        2d7       63%         5
Your spell library was empty.

Dungeon Overview and Level Annotations

Branches:
Dungeon (11/15)            Temple (1/1) D:5            Lair (2/5) D:11
 Spider (0/4) Lair:2          Orc (0/2) D:11         Bailey (visited)
  Swamp: Lair:2-3    Shoals: Lair:2-3

Altars:
Ashenzari
Cheibriados
Dithmenos
Elyvilon
Fedhas
Gozag
Hepliaklqana
Makhleb
Nemelex Xobeh
Okawaru
Qazlal
Ru
Trog
Uskayaw
Wu Jian
Xom
Yredelemnul
Zin
The Shining One

Shops:
D:1 :   D:5 *

Portals:
Trove: D:11 (give 13 scrolls of teleportation)

Annotations:
Lair:2 2 runed translucent doors, mertasd123's ghost, journeyman DgEE


Innate Abilities, Weirdness & Mutations

Your life essence is reduced to manifest your ancestor. (-10% HP)
You are immune to sickness and miasma.
You are immune to poison.
Your flesh is very heat resistant. (rF++)
You are vulnerable to cold. (rC-)
You float through the air rather than walking.
You learn spells naturally, not from books.
Your magical power is your life essence.
You have superior vitality. (+4 MHP)


Message History

You hit the death yak.
The death yak looks as sick as possible!
The death yak is severely wounded.
The yak is engulfed in noxious fumes.
The yak appears confused.
The yak gores the death yak but does no damage.
The death yak is engulfed in noxious fumes.
The death yak appears confused.
The death yak gores you!
* * * LOW HITPOINT WARNING * * *
Unknown command.
Casting: Mephitic Cloud (dangerous; 9% risk of failure)
Confirm with . or Enter, or press ? or * to list all spells.
Aiming: Mephitic Cloud (dangerous; 9% risk of failure)
Press: ? - help, Shift-Dir - straight line, f/p - death yak
Aim: a death yak (noxious fumes, severely wounded, confused, extremely poisoned, chance to affect: 34%)
The ball explodes into a vile cloud!
The stinking cloud engulfs the death yak.
The death yak is severely wounded.
The stinking cloud engulfs you.
The stinking cloud engulfs the death yak.
The death yak is moderately wounded.
* * * LOW HITPOINT WARNING * * *
The yak is engulfed in noxious fumes.
The yak gores the death yak!
The death yak is engulfed in noxious fumes.
The death yak barely misses you.
The death yak is engulfed in noxious fumes.
The death yak appears confused.
The death yak barely misses the water moccasin.
The death yak gores itself.
Unknown command.
Unknown command.
Unknown command.
Unknown command.
You hit the death yak.
The death yak looks as sick as possible!
The death yak is almost dead.
The yak barely misses the yak.
The death yak is engulfed in noxious fumes.
The death yak gores you!!
You die...
Hepliaklqana delivers you to your ancestors.

##..........
#...........
##P..........
#...####..#.#
##..# ..# #
#..## ##
#...# #..##
##@# #Y# ##
#Y###+.####.
#YS.YY.l....
#YY.........
#....Y...F...
#####.####P..
### #


You could see 3 death yaks, 2 yaks and a water moccasin.

Vanquished Creatures
  2 vault guards
  The ghost of PirateVox the Grappler, a novice TrMo of Beogh (D:7)
  A death yak (Lair:2)
  Amaemon (D:10)
  A fire crab (D:11)
  An orb spider (Lair:2)
  A lindwurm (D:9)
  A manticore (D:10)
  3 elephants (Lair:2)
  2 cane toads (Lair:1)
  An orange demon (D:10)
  2 komodo dragons
  An efreet (D:10)
  A polar bear (Lair:2)
  3 trolls
  Prince Ribbit (Bailey)
  3 blink frogs
  Sigmund (D:2)
  A water elemental (D:10)
  A wraith (D:10)
  A wyvern (D:9)
  19 yaks
  A redback (D:9)
  A vampire mosquito (D:10)
  An acid dragon (D:10)
  4 orc warriors
  2 ice beasts (D:5)
  A kobold brigand (D:9)
  7 bullfrogs
  2 scorpions
  3 wights
  6 killer bees
  2 electric eels (D:11)
  A lava snake (D:9)
  An orc priest (D:6)
  2 gnoll boudas
  A hound (D:5)
  A sleepcap (D:5)
  A battlemage (D:10)
  5 iguanas
  An orc wizard (D:5)
  8 gnolls
  7 adders
  A shadow imp (D:7)
  An ufetubus (D:6)
  A dart slug (D:4)
  27 orcs
  8 bats
  5 endoplasms
  3 giant cockroaches
  7 goblins
  10 hobgoblins
  6 jackals
  4 quokkas
  10 ball pythons
  4 frilled lizards (D:2)
  13 kobolds
  6 rats
213 creatures vanquished.

Vanquished Creatures (collateral kills)
  A vault guard (Bailey)
  The ghost of topfpfpflanze the Stormcaller, a journeyman TeAE of Gozag (D:9)
  A two-headed ogre (D:9)
  2 boulder beetles (D:9)
  A cyclops (D:11)
  3 cane toads
  2 trolls (D:11)
  6 blink frogs
  A water elemental (D:11)
  5 yaks
  3 humans (Bailey)
  A redback (D:9)
  3 vampire mosquitoes (D:10)
  2 steam dragons
  4 acid dragons
  Duvessa (D:6)
  A water moccasin (Lair:1)
  5 orc warriors
  2 ice beasts
  4 black bears
  2 centaurs (D:10)
  A phantom (D:6)
  A kobold brigand (D:9)
  10 bullfrogs
  A gnoll sergeant (D:10)
  9 wights
  Dowan (D:6)
  5 killer bees
  3 electric eels (D:11)
  A howler monkey (D:8)
  3 lava snakes (D:9)
  2 hounds
  A bombardier beetle (D:6)
  2 orc priests
  An iguana (D:6)
  A sleepcap (D:6)
  6 orc wizards
  7 gnolls
  2 adders
  A shadow imp (D:6)
  2 white imps (D:6)
  An ufetubus (D:6)
  A ribbon worm (D:4)
  18 orcs
  A goblin (D:10)
  A hobgoblin (D:10)
  5 kobolds (D:9)
138 creatures vanquished.

Vanquished Creatures (others)
  An electric eel (D:11)
  An orc wizard (D:11)
  An ancestor (D:5)
  12 battlemagi
  A kobold (D:9)
16 creatures vanquished.

Grand Total: 367 creatures vanquished

Notes
Turn   | Place    | Note
-------+----------+-------------------------------------------
     0 | D:1      | anet the Djinni Hedge Wizard began the quest for the Orb.
     0 | D:1      | anet set off with the following spells memorised: Magic
                  | Dart, Slow, Blink, Call Imp, Mephitic Cloud.
     0 | D:1      | Reached XP level 1. HP: 15/15 MP: 0/0
   124 | D:1      | Found a faded altar of an unknown god.
   221 | D:1      | Reached XP level 2. HP: 17/21 MP: 0/0
   312 | D:1      | Found Xumott's Book Shop.
   842 | D:2      | Reached XP level 3. HP: 26/26 MP: 0/0
   842 | D:2      | Learned a level 1 spell: Necrotise
  1222 | D:2      | Reached XP level 4. HP: 31/31 MP: 0/0
  1239 | D:2      | Reached skill level 1 in Fighting
  1239 | D:2      | Reached skill level 1 in Armour
  1239 | D:2      | Reached skill level 1 in Shields
  1239 | D:2      | Reached skill level 1 in Invocations
  1239 | D:2      | Reached skill level 1 in Evocations
  1487 | D:2      | Reached skill level 1 in Long Blades
  1487 | D:2      | Reached skill level 1 in Ranged Weapons
  1487 | D:2      | Reached skill level 1 in Shapeshifting
  1657 | D:2      | Noticed Sigmund
  1677 | D:2      | Killed Sigmund
  1678 | D:2      | Reached XP level 5. HP: 22/37 MP: 0/0
  1678 | D:2      | Learned a level 2 spell: Lesser Beckoning
  1678 | D:2      | Reached XP level 6. HP: 25/42 MP: 0/0
  1744 | D:2      | Identified a scroll of acquirement
  1746 | D:2      | Acquired the +1 troll leather armour "Kexzoax" {+Inv rN+
                  | Regen+ Dex+4}
  2416 | D:3      | Found an iron altar of Okawaru.
  2420 | D:3      | Found a hide-covered altar of Uskayaw.
  2425 | D:3      | Found a glowing golden altar of the Shining One.
  2425 | D:3      | Found a broken altar of Ashenzari.
  2425 | D:3      | Found a glowing silver altar of Zin.
  2425 | D:3      | Found a bloodstained altar of Trog.
  2426 | D:3      | Found a basalt altar of Yredelemnul.
  2427 | D:3      | Found a sparkling altar of Nemelex Xobeh.
  2428 | D:3      | Found a hazy altar of Hepliaklqana.
  2431 | D:3      | Became a worshipper of Hepliaklqana the Forgotten
  3107 | D:4      | Found a white marble altar of Elyvilon.
  3290 | D:4      | Reached XP level 7. HP: 45/48 MP: 0/0
  3290 | D:4      | Learned a level 3 spell: Dazzling Flash
  3295 | D:4      | Reached * piety under Hepliaklqana
  3880 | D:5      | Entered Level 5 of the Dungeon
  3880 | D:5      | Found Useupeudou's Assorted Antiques.
  3907 | D:5      | Found a sacrificial altar of Ru.
  3935 | D:5      | Reached skill level 3 in Dodging
  4007 | D:5      | Identified the +4 dagger of Stickiness {freeze, Int+6 SInv}
  4274 | D:5      | Reached XP level 8. HP: 48/48 MP: 0/0
  4439 | D:5      | Reached ** piety under Hepliaklqana
  4440 | D:5      | Remembered your ancestor Jubaq as a battlemage
  4664 | D:5      | Found a staircase to the Ecumenical Temple.
  4677 | Temple   | Entered the Ecumenical Temple
  4914 | D:6      | Reached skill level 4 in Dodging
  4958 | D:6      | Noticed Dowan
  4961 | D:6      | Noticed Duvessa
  5013 | D:6      | Reached XP level 9. HP: 54/54 MP: 0/0
  5013 | D:6      | Learned a level 3 spell: Passwall
  5015 | D:6      | Killed Dowan
  5048 | D:6      | Killed Duvessa
  5595 | D:7      | Identified the +0 ring mail of Laigiz {Dex+4}
  6366 | D:8      | Reached skill level 5 in Dodging
  6366 | D:8      | Reached XP level 10. HP: 41/60 MP: 0/0
  6397 | D:8      | Reached *** piety under Hepliaklqana
  7052 | D:8      | Found a runed translucent door.
  7059 | D:8      | Noticed PirateVox's ghost (novice TrMo)
  7202 | D:9      | Noticed a two-headed ogre
  7208 | D:9      | Killed a two-headed ogre
  7432 | D:9      | Identified the +9 plate armour "Jocwixo" {Int+3 SInv}
  7451 | D:9      | Found a large runed translucent door.
  7451 | D:9      | Found a large runed translucent door.
  7465 | D:9      | Noticed topfpfpflanze's ghost (journeyman TeAE)
  7573 | D:9      | Reached XP level 11. HP: 47/66 MP: 0/0
  7573 | D:9      | Learned a level 5 spell: Curse of Agony
  7590 | D:9      | Reached skill level 5 in Fighting
  7590 | D:9      | Reached skill level 5 in Armour
  7590 | D:9      | Reached skill level 5 in Shields
  7590 | D:9      | Reached skill level 5 in Invocations
  7590 | D:9      | Reached skill level 5 in Evocations
  7592 | D:9      | Reached skill level 6 in Dodging
  7603 | D:9      | Reached skill level 5 in Long Blades
  7840 | D:9      | Found a runed translucent door.
  8081 | D:10     | Entered Level 10 of the Dungeon
  8081 | D:10     | Noticed Amaemon
  8116 | D:10     | Killed Amaemon
  8205 | D:10     | Reached skill level 7 in Dodging
  8370 | D:10     | Reached **** piety under Hepliaklqana
  8453 | D:10     | Found a flagged portal.
  8499 | Bailey   | Entered a bailey
  8589 | Bailey   | Noticed a vault guard
  8603 | Bailey   | Killed a vault guard
  8604 | Bailey   | Reached XP level 12. HP: 51/74 MP: 0/0
  8635 | Bailey   | Noticed Prince Ribbit
  8635 | Bailey   | Noticed a vault guard
  8645 | Bailey   | Killed Prince Ribbit
  8655 | Bailey   | Killed a vault guard
  9585 | D:11     | Found a staircase to the Lair.
  9586 | D:11     | Noticed a fire crab
  9602 | D:11     | Killed a fire crab
  9865 | D:11     | Noticed a vault guard
  9871 | D:11     | Killed a vault guard
  9872 | D:11     | Reached skill level 8 in Dodging
  9880 | D:11     | Found a portal to a secret trove of treasure.
 10162 | D:11     | Found a staircase to the Orcish Mines.
 10320 | Lair:1   | Entered Level 1 of the Lair of Beasts
 11889 | D:7      | Killed PirateVox's ghost
 11890 | D:7      | Reached XP level 13. HP: 35/80 MP: 0/0
 11890 | D:7      | Learned a level 5 spell: Iskenderun's Battlesphere
 12101 | D:9      | Killed topfpfpflanze's ghost
 12188 | D:9      | Reached skill level 5 in Ranged Weapons
 12188 | D:9      | Reached skill level 5 in Shapeshifting
 12198 | D:9      | Found a runed translucent gate.
 12198 | D:9      | Found a runed translucent gate.
 12198 | D:9      | Found a runed translucent gate.
 12198 | D:9      | Found a runed translucent gate.
 12198 | D:9      | Found a runed translucent gate.
 12198 | D:9      | Found a runed translucent gate.
 12299 | D:9      | Identified the ring of Eternal Harmony {rF- rN+ rCorr Dex+6
                  | Stlth+}
 12464 | Lair:2   | Noticed mertasd123's ghost (journeyman DgEE)
 12464 | Lair:2   | Found a large runed translucent door.
 12464 | Lair:2   | Found a large runed translucent door.
 12642 | Lair:2   | Reached ***** piety under Hepliaklqana
 12735 | Lair:2   | Found a hole to the Spider Nest.
 12802 | Lair:2   | Reached skill level 9 in Dodging
 12807 | Lair:2   | Slain by a death yak

Illustrated notes

Levels and vault maps discovered:
D:1:      wander_arrival_estate, layout_basic, serial_shops, shop,
          basic_ecumenical_altar
D:2:      minmay_razor_zed, layout_loops_ring, uniq_sigmund
D:3:      layout_basic, minitemple
D:4:      layout_loops_corners, elyvilon_altar_1, kennysheep_generic_room_4
D:5:      layout_basic, lemuel_crystal_altar, temple_hall, serial_shops,
          nicolae_shop_advertising_works [nicolae_subvault_shop_adworks]
D:6:      layout_cave_pools, uniq_duvessa
D:7:      layout_cave_pods
D:8:      layout_basic, vehumet_crystals, ebering_ghost_inner_flame
D:9:      gammafunk_indiana_jones, layout_long_grid,
          ebering_ghost_disaster_area, kennysheep_potato
D:10:     layout_rooms, enter_bailey_4, uniq_amaemon
D:11:     layout_basic, minmay_lair_entry_lava, orc_0_dummy, enter_trove_5,
          minmay_fractal_squares_5
Temple:   hellmonk_temple_micro_hex
Lair:1:   layout_cave_pods, infiniplex_staircase_pool_2
Lair:2:   layout_regular_city, nicolae_spider_entry_orb_guardian,
          ebering_ghost_disaster_area, nicolae_volcano_entry_batcave

Skill      XL: |  1  2  3  4  5  6  7  8  9 10 11 12 13 |
---------------+----------------------------------------+-----
Fighting       | 1 2 3 4 6 7 |  7.4
Armour         | 1 2 3 4 6 7 |  7.4
Shields        | 1 2 3 4 6 7 |  7.4
Invocations    | 1 2 3 4 6 7 |  7.4
Evocations     | 1 2 3 4 6 7 |  7.4
Long Blades    | 1 2 3 4 5 6 |  6.4
Ranged Weapons | 1 2 3 4 5 |  5.4
Shapeshifting  | 1 2 3 4 5 |  5.4
Dodging        | 3 4 5 7 8 9 |  9.0
Spellcasting   | 4 |  4.1
Conjurations   | 4 |  4.1
Hexes          | 4 |  4.1
Summonings     | 4 |  4.1
Necromancy     | 4 |  4.1
Translocations | 4 |  4.1
Fire Magic     | 4 |  4.1
Ice Magic      | 4 |  4.1
Air Magic      | 4 |  4.1
Earth Magic    | 4 |  4.1
Alchemy        | 4 |  4.1
Stealth        | |  1.5

Action                     |  1- 3 |  4- 6 |  7- 9 | 10-12 | 13-15 || total
---------------------------+-------+-------+-------+-------+-------++-------
  Melee: Dagger            |       |    40 |   158 |   239 |       ||   437
         Short sword       |       |    46 |     5 |       |       ||    51
         Demon whip        |       |       |       |   121 |    91 ||   212
         Scimitar          |       |       |       |    11 |       ||    11
   Fire: Sling             |    36 |    88 |   160 |    71 |       ||   355
         Orcbow            |       |       |       |   154 |    33 ||   187
   Cast: Magic Dart        |    48 |    20 |       |     1 |       ||    69
         Mephitic Cloud    |       |     2 |     2 |    18 |     4 ||    26
         Call Imp          |       |       |       |     2 |       ||     2
         Blink             |       |       |       |     1 |       ||     1
 Invoke: Ancestor Life: Ba |       |       |     1 |       |       ||     1
    Use: Scroll            |       |     5 |     2 |     5 |       ||    12
         Potion            |       |       |       |     1 |       ||     1
   Stab: Confused          |       |     2 |       |    10 |     5 ||    17
         Distracted        |       |       |     1 |     7 |     1 ||     9
         Sleeping          |       |       |     1 |       |       ||     1
 Armour: Robe              |    13 |    14 |       |       |       ||    27
         Troll leather arm |       |    40 |    94 |   246 |    62 ||   442
  Dodge: Dodged            |     8 |    55 |   133 |   474 |   135 ||   805

Table legend: (Time is in decaauts)
 A = Elapsed time spent in this place.
 B = Non-inter-level travel time spent in this place.
 C = Inter-level travel time spent in this place.
 D = Time resting spent in this place.
 E = Time spent auto-exploring this place.
 F = Levels seen in this place.
 G = Mean time per level.
                   A        B        C        D        E       F      G
               +--------+--------+--------+--------+--------+-----+--------+
         Total |  12880 |  11569 |   1311 |    295 |   7767 |  15 |  858.7 |
       Dungeon |  10945 |   9920 |   1025 |    295 |   6818 |  11 |  995.0 |
        Temple |      1 |      1 |      0 |      0 |      0 |   1 |    1.0 |
          Lair |   1680 |   1394 |    286 |      0 |    819 |   2 |  840.0 |
        Bailey |    251 |    251 |      0 |      0 |    130 |   1 |  251.0 |
               +--------+--------+--------+--------+--------+-----+--------+

Top non-repeatable levels by time:
  Lair:1: 1329 daAuts
     D:9: 1247 daAuts
    D:11: 1171 daAuts
     D:8: 1095 daAuts
     D:2: 1089 daAuts
    D:10: 1084 daAuts
     D:3: 1054 daAuts
     D:4: 1024 daAuts
     D:5: 951 daAuts
     D:7: 909 daAuts
     D:1: 731 daAuts
     D:6: 585 daAuts
  Lair:2: 351 daAuts
  Bailey: 251 daAuts
  Temple: 1 daAuts
